 Dungeon Sprint DCSS version 0.27-a0-1154-gfdeffcb720 (webtiles) character file.

Game seed: 12808740382541735889

239 Zeld the Slicer (level 6, -5/39 HPs)
             Began as an Octopode Brigand on May 14, 2021.
             Was a Follower of Makhleb.
             Slain by a spriggan
             ... wielding a +0 rapier
              (7 damage)
             ... in the Dungeon (Sprint IV: "Fedhas' Mad Dash").
             The game lasted 00:01:13 (1282 turns).

Zeld the Slicer (Octopode Brigand)                  Turns: 1282, Time: 00:01:13

Health: -5/39      AC:  1    Str: 12    XL:     6   Next: 7%
Magic:  15/15      EV: 12    Int: 14    God:    Makhleb [*.....]
Gold:   46         SH:  0    Dex: 13    Spells: 17/17 levels left

rFire    . . .     SeeInvis .   a - +2 dagger
rCold    . . .     Faith    .   (no shield)
rNeg     . . .     Spirit   .   (helmet restricted)
rPois    .         Reflect  .   j - amulet of invisibility {+Inv}
rElec    .         Harm     .   (no ring)
rCorr    .         Rampage  .   (no ring)
Will     .....     NoTele   +   (no ring)
Stlth    ++++......             (no ring)
HPRegen  0.13/turn              (no ring)
MPRegen  0.14/turn              (no ring)
                                (no ring)
                                (no ring)

@: no status effects
A: almost no armour, amphibious, 8 rings, camouflage 1, gelatinous body 1,
(nimble swimmer 1), tentacles
a: Renounce Religion, Evoke Invisibility


You were in the Dungeon.
You worshipped Makhleb.
Makhleb was aware of your devotion.
You visited 1 branch You collected 46 gold pieces.

Inventory:

Hand Weapons
 a - a +2 dagger (weapon)
Missiles
 b - 8 poisoned darts (quivered)
 c - 2 curare-tipped darts
Jewellery
 j - the amulet of invisibility (around mantle) {+Inv}
   (You found it in the Dungeon)

   [amulet of nothing]

   It lets you turn invisible.
Scrolls
 h - a scroll of fog {unknown}
 i - a scroll of blinking
 k - a scroll of identify {unknown}
Potions
 d - a potion of curing
 e - a potion of heal wounds
 f - a potion of haste
 g - 2 potions of magic


   Skills:
 - Level 2.0 Fighting
 - Level 10.0 Short Blades
 - Level 2.0 Throwing
 - Level 1.0 Dodging
 - Level 5.3 Stealth
 + Level 6.3 Spellcasting


You had 17 spell levels left.
You didn't know any spells.
Your spell library was empty.

Dungeon Overview and Level Annotations

Branches:
Dungeon (1/1)

Altars:
Cheibriados
Dithmenos
Elyvilon
Gozag
Hepliaklqana
Kikubaaqudgha
Makhleb
Nemelex Xobeh
Okawaru
Qazlal
Ru
Sif Muna
Trog
Uskayaw
Vehumet
Wu Jian
Xom
Yredelemnul
Zin
The Shining One
Beogh
Jiyva
Lugonu


Innate Abilities, Weirdness & Mutations

You cannot wear most types of armour.
You are amphibious.
You can wear up to eight rings at the same time.
Your skin changes colour to match your surroundings (Stealth+).
Your rubbery body absorbs attacks. (AC +1, EV +1)
((You are camouflaged near water. (Stealth+)))
You have tentacles for arms and can constrict up to eight enemies at once.


Message History

The spriggan shouts!
The scorpion barely misses you.
You hit the scorpion.
The scorpion is heavily wounded.
You constrict the scorpion. You barely miss the scorpion.
You squeeze the scorpion.
The scorpion is almost dead.
You constrict the scorpion, but do no damage.
The scorpion closely misses you.
You hit the scorpion but do no damage.
The scorpion is almost dead.
You constrict the scorpion. The scorpion stings you.
You are too injured to fight recklessly!
You are too injured to fight recklessly!
You hit the scorpion but do no damage.
The scorpion is almost dead.
You constrict the scorpion, but do no damage.
You are too injured to fight recklessly!
You are too injured to fight recklessly!
You hit the scorpion but do no damage.
You squeeze the scorpion, but do no damage.
The scorpion is almost dead.
You constrict the scorpion. The scorpion closely misses you.
You hit the scorpion.
You kill the scorpion!
Makhleb accepts your kill.
You can now gain health from killing.
Training target 10.0 for Short Blades reached!
Your Short Blades skill increases to level 10!
Your Spellcasting skill increases to level 6!
You have reached level 6!
Your experience leads to an increase in your attributes!
Increase (S)trength, (I)ntelligence, or (D)exterity?
You feel stronger. The spriggan hits you with a +0 rapier.
The spriggan hits you with a +0 rapier.
There is an open door here.
The spriggan hits you with a +0 rapier!
* * * LOW HITPOINT WARNING * * *
The spriggan hits you with a +0 rapier!
You die...

########################
..#.⌠._._._._.⌠i#..†$..#
[.'.._._._._._..@i.#$.$#
..#..._._._._...#..###+#
+##.._._._._._..#..#
#._._._._._.⌠.####
###############


You could see 2 spriggans.

Vanquished Creatures
  2 scorpions (D)
  3 oklob saplings (D)
  A river rat (D)
  A rat (D)
7 creatures vanquished.

Notes
Turn   | Place    | Note
-------+----------+-------------------------------------------
     0 | D        | Zeld the Octopode Brigand began the quest for the Orb.
     0 | D        | Reached XP level 1. HP: 14/14 MP: 1/1
    10 | D        | Reached skill level 3 in Short Blades
    10 | D        | Reached skill level 1 in Spellcasting
    10 | D        | Reached XP level 2. HP: 19/19 MP: 1/4
   245 | D        | Noticed an oklob sapling
   250 | D        | Killed an oklob sapling
   251 | D        | Reached skill level 5 in Short Blades
   251 | D        | Reached XP level 3. HP: 8/24 MP: 4/7
   252 | D        | Noticed a scorpion
   253 | D        | Found the amulet of invisibility {+Inv}
   255 | D        | Killed a scorpion
   256 | D        | Reached skill level 7 in Short Blades
   256 | D        | Reached XP level 4. HP: 10/29 MP: 5/10
   702 | D        | Found an opulent altar of Gozag.
   702 | D        | Found a hazy altar of Hepliaklqana.
   702 | D        | Found a burning altar of Makhleb.
   702 | D        | Found a sparkling altar of Nemelex Xobeh.
   702 | D        | Found a snail-covered altar of Cheibriados.
   702 | D        | Found a sacrificial altar of Ru.
   702 | D        | Found a shimmering blue altar of Sif Muna.
   702 | D        | Found a shimmering altar of Xom.
   702 | D        | Found a basalt altar of Yredelemnul.
   703 | D        | Found a viscous altar of Jiyva.
   703 | D        | Found a bloodstained altar of Trog.
   703 | D        | Found an ornate altar of the Wu Jian Council.
   703 | D        | Noticed an oklob sapling priest
   704 | D        | Found an iron altar of Okawaru.
   704 | D        | Found a shadowy altar of Dithmenos.
   704 | D        | Found a glowing silver altar of Zin.
   705 | D        | Found an ancient bone altar of Kikubaaqudgha.
   705 | D        | Found a hide-covered altar of Uskayaw.
   706 | D        | Found a stormy altar of Qazlal.
   706 | D        | Found a white marble altar of Elyvilon.
   706 | D        | Found a glowing golden altar of the Shining One.
   707 | D        | Found a corrupted altar of Lugonu.
   707 | D        | Found a radiant altar of Vehumet.
   719 | D        | Became a worshipper of Makhleb the Destroyer
   725 | D        | Killed an oklob sapling priest
   726 | D        | Reached skill level 8 in Short Blades
   726 | D        | Reached skill level 5 in Spellcasting
   726 | D        | Reached XP level 5. HP: 34/34 MP: 10/12
  1052 | D        | Reached skill level 9 in Short Blades
  1278 | D        | Reached * piety under Makhleb
  1279 | D        | Reached skill level 10 in Short Blades
  1279 | D        | Reached XP level 6. HP: 17/39 MP: 15/15
  1282 | D        | Slain by a spriggan

Illustrated notes

Levels and vault maps discovered:
D:        dungeon_sprint_fedhas [sprint_temple]

Skill      XL: |  1  2  3  4  5 |
---------------+----------------+-----
Short Blades   | 3 5 7 8 10 | 10.0
Spellcasting   | 1 3 4 5 6 |  6.3
Fighting       | |  2.0
Throwing       | |  2.0
Dodging        | |  1.0
Stealth        | |  5.3

Action                   |  1- 3 |  4- 6 || total
-------------------------+-------+-------++-------
Melee: Dagger            |     8 |    16 ||    24
       Constrict         |     2 |     3 ||     5
       Tentacles         |       |     7 ||     7
 Abil: Evoke Invisibilit |       |     1 ||     1
  Use: Potion            |     1 |       ||     1
 Stab: Sleeping          |     2 |     1 ||     3
       Invisible         |       |     1 ||     1
Dodge: Dodged            |     1 |     5 ||     6

Table legend: (Time is in decaauts)
 A = Elapsed time spent in this place.
 B = Non-inter-level travel time spent in this place.
 C = Inter-level travel time spent in this place.
 D = Time resting spent in this place.
 E = Time spent auto-exploring this place.
 F = Levels seen in this place.
 G = Mean time per level.
                   A        B        C        D        E       F      G
               +--------+--------+--------+--------+--------+-----+--------+
         Total |   1286 |   1286 |      0 |   1187 |      0 |   1 | 1286.0 |
       Dungeon |   1286 |   1286 |      0 |   1187 |      0 |   1 | 1286.0 |
               +--------+--------+--------+--------+--------+-----+--------+

Top non-repeatable levels by time:
       D: 1286 daAuts
